 Dungeon Crawl Stone Soup version 0.20.1-1-g8b1a95d (webtiles) character file.

34 n3rD20 the Ruffian (level 3, -1/28 HPs)
             Began as a Draconian Transmuter on Oct 28, 2017.
             Slain by a hobgoblin
             ... wielding a +0 club
              (6 damage)
             ... on level 2 of the Dungeon.
             The game lasted 00:20:42 (1446 turns).

n3rD20 the Ruffian (Draconian Transmuter)           Turns: 1446, Time: 00:20:43

Health: -1/28      AC:  5    Str: 12    XL:     3   Next: 14%
Magic:  6/6        EV: 12    Int: 14    God:
Gold:   96         SH:  0    Dex: 11    Spells: 3/6 levels left

rFire    . . .     SeeInvis .   y - +0 spear
rCold    . . .     Gourm    .   (no shield)
rNeg     . . .     Faith    .   (armour unavailable)
rPois    .         Spirit   .   (helmet restricted)
rElec    .         Reflect  .   (no cloak)
rCorr    .         Harm     .   (no gloves)
MR       .....                  (no boots)
Stlth    +.........             (no amulet)
Regen    0.1/turn               (no ring)
MPRegen  0.1/turn               (no ring)

@: no status effects
A: unfitting armour, cold-blooded, AC +5
a: no special abilities


You were on level 2 of the Dungeon.
You were not hungry.

You visited 1 branch of the dungeon, and saw 2 of its levels.

You collected 96 gold pieces.

Inventory:

Hand Weapons
 e - a +0 short sword
 f - a +0 club
 h - a +0 club
 j - a +0 club
 k - a +0 hunting sling
 l - a +0 club
 s - a +0 dagger
 t - a +0 club
 v - a +0 dagger
 y - a +0 spear (weapon)
 A - a +0 club
 C - a +2 dagger of venom
Missiles
 a - 29 arrows
 d - 74 stones
 m - 24 sling bullets (quivered)
Armour
 i - a +0 ring mail
 n - a +0 leather armour
 p - a cursed +0 helmet
 q - a +0 helmet
 x - a cursed +0 chain mail
Scrolls
 w - 2 scrolls of remove curse
Potions
 g - a potion of flight
 o - a potion of might {unknown}
 r - a potion of brilliance {unknown}
 z - a potion of degeneration {unknown}
 B - a potion of heal wounds
Books
 b - a book of Changes

   Spells                             Type                      Level
   a - Beastly Appendage              Transmutation                1
   b - Sticks to Snakes               Transmutation                2
   c - Spider Form                    Transmutation/Poison         3
   d - Ice Form                       Ice/Transmutation            4
   e - Blade Hands                    Transmutation                5
Comestibles
 c - 2 bread rations
 u - 3 fruits


   Skills:
 * Level 1.3 Fighting
 * Level 1.0 Short Blades
 * Level 0.2 Maces & Flails
 + Level 0.1(0.2) Slings
 + Level 0.1(0.2) Throwing
 + Level 2.0 Dodging
 + Level 3.3 Unarmed Combat
 + Level 2.1 Spellcasting
 + Level 2.2 Transmutations


You had 3 spell levels left.
You knew the following spells:

 Your Spells              Type           Power        Failure   Level  Hunger
a - Beastly Appendage     Tmut           #.....       10%         1    #......
b - Sticks to Snakes      Tmut           #.......     14%         2    ###....


Dungeon Overview and Level Annotations

Branches:
Dungeon (2/15)

Altars:


Innate Abilities, Weirdness & Mutations

Your plain brown scales are hard. (AC +5)
You cannot fit into any form of body armour.
You are cold-blooded and may be slowed by cold attacks.


Message History

Tossing away (i - inventory. (,) - cycle):
m - 26 sling bullets (quivered)
Press: ? - help, Shift-Dir - straight line, f/p - hobgoblin
Aim: a hobgoblin, wielding a club You toss away a sling bullet.
The sling bullet closely misses the hobgoblin.
Tossing away (i - inventory. (,) - cycle):
m - 25 sling bullets (quivered)
Press: ? - help, Shift-Dir - straight line, f/p - hobgoblin
Aim: a hobgoblin, wielding a club You toss away a sling bullet.
The sling bullet hits the hobgoblin but does no damage.
The hobgoblin hits you but does no damage. x2
You barely miss the hobgoblin. The hobgoblin hits you with a club.
* * * LOW HITPOINT WARNING * * *
You hit the hobgoblin.
The hobgoblin is moderately wounded.
The hobgoblin barely misses you.
You hit the hobgoblin.
The hobgoblin is almost dead.
The hobgoblin hits you with a club.
You die...

....%'................#
#.##...†.#..........#
#...#.#..........#
#.(.#.#..........#
#...#.######'######
#...#..#...........
#...##.#...........
#...##.............
#.@.###............
#.g.# #..###+######
#.(.# ##.# #...# #..
(.... ##.# .#....( ..
#.#...... ..# .
..(....# ... #.
##.#...#


You could see a hobgoblin.

Vanquished Creatures
  An ooze (D:1)
  A dart slug (D:2)
  A leopard gecko (D:1)
  A ball python (D:1)
  2 bats (D:1)
  3 giant cockroaches
  3 goblins
  4 hobgoblins
  A frilled lizard (D:1)
  5 kobolds
  2 rats (D:1)
24 creatures vanquished.

Notes
Turn   | Place    | Note
-------+----------+-------------------------------------------
     0 | D:1      | n3rD20 the Draconian Transmuter began the quest for the Orb.
     0 | D:1      | Reached XP level 1. HP: 16/16 MP: 3/3
   207 | D:1      | Reached XP level 2. HP: 16/23 MP: 5/5
   290 | D:1      | Learned a level 2 spell: Sticks to Snakes
   538 | D:1      | Reached skill level 1 in Short Blades
  1243 | D:2      | Reached XP level 3. HP: 25/28 MP: 4/6
  1446 | D:2      | Slain by a hobgoblin

Skill      XL: |  1  2 |
---------------+-------+-----
Short Blades   | 1 |  1.0
Dodging        | 2 |  2.0
Fighting       | |  1.3
Maces & Flails | |  0.2
Slings         | |  0.1
Throwing       | |  0.1
Unarmed Combat | |  3.3
Spellcasting   | |  2.1
Transmutations | |  2.2

Action                   || total
-------------------------++-------
Melee: Short sword       ||    82
       Tailslap          ||     5
       Headbutt          ||     3
       Spear             ||    22
       Kick              ||     4
       Punch             ||     1
 Fire: Hunting sling     ||     3
Throw: Stone             ||    14
 Cast: Beastly Appendage ||     9
  Use: Scroll            ||     4
  Eat: Bread ration      ||     1
Armor: Skin              ||    57
Dodge: Dodged            ||   121
